 Dungeon Crawl Stone Soup version 0.19.0 (webtiles) character file.

1842 jimeh the Cruncher (level 8, -8/73 HPs)
             Began as a Minotaur Gladiator on Nov 8, 2016.
             Was a Follower of Uskayaw.
             Mangled by a hill giant
             ... wielding a +0 giant club
              (34 damage)
             ... on level 7 of the Dungeon.
             The game lasted 00:12:24 (4812 turns).

jimeh the Cruncher (Minotaur Gladiator)             Turns: 4812, Time: 00:12:24

Health: -8/73      AC:  9    Str: 22    XL:     8   Next: 87%
Magic:  0/7        EV: 11    Int:  5    God:    Uskayaw [*.....]
Gold:   314        SH:  0    Dex: 11    Spells: 0 memorised, 7 levels left

rFire  . . .     SeeInvis .     a - +0 quarterstaff
rCold  . . .     Gourm    .     C - +0 scale mail
rNeg   . . .     Faith    .     (shield currently unavailable)
rPois  .         Spirit   +     c - +0 hat
rElec  .         Reflect  .     (no cloak)
rCorr  .         Harm     .     q - +0 pair of gloves
MR     .....                    n - +0 pair of boots
Stlth  +.........               j - amulet of guardian spirit
                                (no ring)
                                k - ring of stealth

@: no status effects
A: retaliatory headbutt, horns 2
a: Stomp, Renounce Religion


You were on level 7 of the Dungeon.
You worshipped Uskayaw.
Uskayaw was noncommittal.
You were not hungry.

You visited 2 branches of the dungeon, and saw 8 of its levels.
You also visited: Ossuary.

You collected 314 gold pieces.

Inventory:

Hand Weapons
 a - a +0 quarterstaff (weapon)
 y - a +0 war axe
Missiles
 d - 3 throwing nets (quivered)
Armour
 b - a +0 leather armour
 c - a +0 hat (worn)
 n - a +0 pair of boots (worn)
 q - a +0 pair of gloves (worn)
 C - a +0 scale mail (worn)
 G - a +0 plate armour
 H - a +0 ring mail
Magical Staves
 w - an uncursed staff of air
Jewellery
 j - an amulet of guardian spirit (around neck)
 k - a ring of stealth (left hand)
Wands
 E - a wand of digging (9/24)
Scrolls
 p - a scroll of fear
 s - a scroll of recharging
 t - 2 scrolls of remove curse
 v - 3 scrolls of identify
 B - 2 scrolls of blinking
Potions
 e - a potion of brilliance
 h - a potion of might
 i - a potion of curing
 l - a potion of flight
 m - 2 potions of degeneration
 o - 3 potions of agility
 r - a potion of haste
 D - a potion of mutation {unknown}
Books
 g - a book of Death

   Spells                             Type                      Level
   a - Corpse Rot                     Necromancy                   2
   b - Sublimation of Blood           Necromancy                   2
   c - Agony                          Necromancy                   5
   d - Dispel Undead                  Necromancy                   5
   e - Excruciating Wounds            Charms/Necromancy            5
   f - Bolt of Draining               Conjuration/Necromancy       5
 u - a book of Frost

   Spells                             Type                      Level
   a - Freeze                         Ice                          1
   b - Throw Frost                    Conjuration/Ice              2
   c - Ozocubu's Armour               Charms/Ice                   3
   d - Throw Icicle                   Conjuration/Ice              4
   e - Summon Ice Beast               Ice/Summoning                4
Comestibles
 f - 6 bread rations
 x - a beef jerky
 z - 2 meat rations
 A - 2 slices of pizza
 F - 4 chunks of flesh


   Skills:
 - Level 7.3 Fighting
 + Level 10.9 Staves
 - Level 2.0 Throwing
 - Level 5.4 Armour
 - Level 3.2 Dodging


You had 7 spell levels left.
You didn't know any spells.

Dungeon Overview and Level Annotations

Branches:
Dungeon (7/15)             Temple (1/1) D:7

Altars:
Ashenzari
Cheibriados
Elyvilon
Fedhas
Ru
Uskayaw
Yredelemnul
Zin


Innate Abilities, Weirdness & Mutations

You reflexively headbutt those who attack you in melee.
You have a pair of horns on your head.


Message History

Your headbutt misses the killer bee zombie.
The killer bee zombie barely misses you.
You thump the hill giant! You headbutt the hill giant.
The hill giant is moderately wounded.
The killer bee zombie hits you but does no damage.
The killer bee zombie barely misses you.
You sock the hill giant! You headbutt the hill giant.
The hill giant is heavily wounded.
The killer bee zombie hits you but does no damage.
The hill giant hits you with a giant club!
You can now pass through a line of other dancers.
You stomp with the beat, sending a shockwave through the revelers around you!
The hill giant is heavily wounded.
The killer bee zombie is moderately damaged.
You feel somewhat more hungry.
You can no longer pass through a line of other dancers.
The killer bee zombie hits you.
The killer bee zombie closely misses you.
The hill giant hits you with a giant club!!!
You die...

.(...>..# ........# .#
........# .# ........+
.# ........#########.#
##
..........#.......##..#.
.(..#####.#.###.........
....#.# .#.# #.........
......# .#(# #.@.......
#####.###.#.# #.CZ.....#
..........#.# #........#
#####.#...#!# #.........
# #.#.#.#.# #......... #
#.#.#)#.# #)........ #
#.#.#.#.# ##......## #
#..<..#.# #......#
###########.#


You could see a hill giant and a killer bee zombie.

Vanquished Creatures
  Eustachio (D:6)
  An ice beast (D:6)
  3 orc warriors
  A necrophage (D:5)
  Blork the orc (D:6)
  2 elf zombies (D:4)
  An elf skeleton (D:4)
  2 scorpions
  The ghost of Ultraviolent4 the Shield-Bearer, a weakling FoFi (D:3)
  2 human zombies (Ossuary)
  5 orc wizards
  2 centaur zombies (D:5)
  4 orc priests
  A bullfrog skeleton (D:6)
  2 human skeletons (D:4)
  4 worker ants
  3 hound zombies (Ossuary)
  4 mummies (Ossuary)
  9 adders
  An ooze (D:1)
  An adder zombie (Ossuary)
  2 worms (D:2)
  2 dart slugs
  4 leopard geckos
  19 orcs
  5 giant cockroaches
  8 goblins
  7 hobgoblins
  4 kobolds
  2 quokkas
  2 ball pythons
  8 bats
  4 frilled lizards
  A gnoll zombie (Ossuary)
  A goblin zombie (Ossuary)
  A kobold zombie (Ossuary)
  An orc skeleton (D:4)
  2 orc zombies (Ossuary)
  A quokka skeleton (D:4)
  5 rats
  A rat zombie (Ossuary)
131 creatures vanquished.

Notes
Turn   | Place    | Note
-------+----------+-------------------------------------------
     0 | D:1      | jimeh the Minotaur Gladiator began the quest for the Orb.
     0 | D:1      | Reached XP level 1. HP: 18/18 MP: 0/0
   147 | D:1      | Reached XP level 2. HP: 20/26 MP: 1/1
   738 | D:2      | Found a faded altar of an unknown god.
   742 | D:2      | Reached skill level 1 in Armour
   744 | D:2      | Reached XP level 3. HP: 33/33 MP: 2/2
   749 | D:2      | Found a sacrificial altar of Ru.
  1152 | D:2      | Reached XP level 4. HP: 41/41 MP: 3/3
  1598 | D:3      | Noticed Ultraviolent4's ghost (weakling FoFi)
  1617 | D:3      | Killed Ultraviolent4's ghost
  1617 | D:3      | Reached skill level 5 in Fighting
  1874 | D:4      | Found a white marble altar of Elyvilon.
  1912 | D:4      | Found a glowing silver altar of Zin.
  1919 | D:4      | Reached XP level 5. HP: 38/48 MP: 2/4
  2047 | D:4      | Found a sand-covered staircase.
  2051 | D:4      | Reached XP level 6. HP: 27/57 MP: 2/5
  2054 | Ossuary  | Entered an ossuary
  2082 | Ossuary  | Reached skill level 5 in Armour
  2673 | D:4      | Reached XP level 7. HP: 41/66 MP: 4/6
  2717 | D:4      | Reached skill level 4 in Staves
  2982 | D:5      | Entered Level 5 of the Dungeon
  3041 | D:5      | Reached skill level 5 in Staves
  3246 | D:5      | Reached skill level 6 in Staves
  3480 | D:6      | Reached skill level 7 in Staves
  3480 | D:6      | Reached XP level 8. HP: 65/72 MP: 7/7
  3923 | D:6      | Reached skill level 8 in Staves
  4113 | D:6      | Reached skill level 9 in Staves
  4129 | D:6      | Noticed Eustachio
  4133 | D:6      | Noticed Blork the orc
  4141 | D:6      | Killed Eustachio
  4149 | D:6      | Killed Blork the orc
  4425 | D:6      | Reached skill level 10 in Staves
  4612 | D:7      | Found a staircase to the Ecumenical Temple.
  4621 | Temple   | Entered the Ecumenical Temple
  4627 | Temple   | Became a worshipper of Uskayaw the Reveler
  4752 | D:7      | Reached * piety under Uskayaw
  4756 | D:7      | Reached ** piety under Uskayaw
  4806 | D:7      | Noticed a hill giant
  4812 | D:7      | Mangled by a hill giant

Skill      XL: |  1  2  3  4  5  6  7  8 |
---------------+-------------------------+-----
Fighting       | 3 4 5 7 |  7.3
Armour         | 1 2 3 4 5 |  5.4
Staves         | 7 10 | 10.9
Throwing       | |  2.0
Dodging        | |  3.2

Action                   |  1- 3 |  4- 6 |  7- 9 || total
-------------------------+-------+-------+-------++-------
Melee: Quarterstaff      |    64 |   146 |   201 ||   411
       Headbutt          |    13 |    15 |    38 ||    66
Invok: Stomp             |       |       |     2 ||     2
  Use: Scroll            |       |     8 |     3 ||    11
       Potion            |       |     7 |     2 ||     9
 Stab: Sleeping          |     2 |     3 |     3 ||     8
  Eat: Chunk             |     1 |     1 |     6 ||     8
       Fruit             |       |     3 |       ||     3
       Beef jerky        |       |     1 |     1 ||     2
Armor: Leather armour    |    11 |    19 |    30 ||    60
       Skin              |       |   160 |       ||   160
       Scale mail        |       |       |    30 ||    30
Dodge: Dodged            |    41 |    61 |   104 ||   206
